Cogmind - Beta 13 @@@ ROGUE MODE // 2024.04.17 @ 18:14:55 Player: Kinga Result: Destroyed by S-27 Virus with Autogun Performance ------------- Evolutions (3) 1500 Regions Visited (8) 1600 Robots Destroyed (88) 440 Value Destroyed (2624) 2624 Prototype IDs (9) 180 Alien Tech Used (0) 0 Bonus (185) 185 TOTAL SCORE: 6529 Bonus ------- High Alert Combat Kills 185 Cogmind --------- Core Integrity 0/700 Matter 295/300 Energy 95/100 System Corruption 1% Temperature Cool (0) Movement Core (50) Location -6/Proximity Caves Parts ------- > --- POWER (1) -------- (None) > --- PROPULSION (4) --- (None) > --- UTILITY (6) ------ Advanced Visual Processing Unit Hacking Suite System Shield > --- WEAPON (2) ------- Katana > --- INVENTORY (5) ---- Medium Storage Unit Microactuators Missile Launcher Katana Peak State ------------ > --- POWER ------------ Light Nuclear Core > --- PROPULSION ------- Improved Flight Unit Improved VTOL Module Improved VTOL Module Cooled VTOL Module > --- UTILITY ---------- Medium Storage Unit Advanced Visual Processing Unit Microactuators Reaction Control System Hacking Suite System Shield > --- WEAPON ----------- Katana Katana > --- INVENTORY -------- Improved VTOL Module Improved VTOL Module Improved VTOL Module Improved Sensor Array Microactuators Advanced ECM Suite Hardened Light Armor Plating Hardened Light Armor Plating Improved Light Armor Plating Missile Launcher [Rating: 45] Favorites ----------- Power Ion Engine Engine Ion Engine Power Core Light Nuclear Core Propulsion Light Treads Treads Light Treads Wheel Wheel Flight Unit Improved VTOL Module Utility Targeting Computer Device Microactuators Storage Huge Storage Unit Processor Targeting Computer Hackware Hacking Suite Protection Hardened Light Armor Plating Weapon Assault Rifle Energy Gun Small Laser Ballistic Gun Assault Rifle Launcher Missile Launcher Impact Weapon Great Maul Slashing Weapon Katana Build | -11 -10 -9 -8 -7 -7 -7 -7 -6 ------- Run | Yrd Mat Mat Mat Fac Low Low Zio Pro Slots Evolved 6 | . . 2 2 2 . . . . Power . | . . . . . . . . . Propulsion 2 | . . . 2 . . . . . Utility 4 | . . 2 . 2 . . . . Weapon . | . . . . . . . . . Parts Attached 87 | 5 9 8 33 19 5 4 . 4 Power 8 | 1 . 1 1 2 2 1 . . Engine 4 | 1 . 1 . 1 1 . . . Core 4 | . . . 1 1 1 1 . . Reactor . | . . . . . . . . . Propulsion 24 | 2 1 3 10 4 1 2 . 1 Treads 7 | 2 . 3 2 . . . . . Leg . | . . . . . . . . . Wheel 2 | . 1 . 1 . . . . . Hover . | . . . . . . . . . Flight 15 | . . . 7 4 1 2 . 1 Utility 30 | . 4 2 12 8 2 1 . 1 Device 9 | . . . 1 6 1 . . 1 Storage 5 | . 3 . 2 . . . . . Processor 3 | . 1 . 2 . . . . . Hackware 3 | . . . . 2 1 . . . Protection 10 | . . 2 7 . . 1 . . Artifact . | . . . . . . . . . Weapon 25 | 2 4 2 10 5 . . . 2 Energy Gun 3 | 1 1 . . 1 . . . . Energy Cannon . | . . . . . . . . . Ballistic Gun 9 | 1 2 2 4 . . . . . Ballistic Cannon . | . . . . . . . . . Launcher 5 | . 1 . 3 1 . . . . Special Weapon . | . . . . . . . . . Impact Weapon 2 | . . . 2 . . . . . Slashing Weapon 6 | . . . 1 3 . . . 2 Piercing Weapon . | . . . . . . . . . Special Melee Weapon . | . . . . . . . . . Unidentified Prototypes 2 | . . 1 . 1 . . . . Parts Lost 36 | . 3 2 15 2 2 3 . 9 Power 5 | . . . 1 1 1 1 . 1 Propulsion 14 | . 2 . 5 . . 2 . 5 Utility 7 | . . . 4 . 1 . . 2 Weapon 10 | . 1 2 5 1 . . . 1 Highest Loss Streak 9 | . 3 1 9 1 2 3 . 8 To Critical Strikes . | . . . . . . . . . Average Slot Usage (%) 88 | . 94 85 85 81 88 91 92 85 Engine 8 | . 14 11 3 1 5 3 . . Core 2 | . . . 4 5 . 2 7 6 Treads 11 | . 19 12 9 . . . . . Wheel 3 | . 4 7 3 . . . . . Flight 10 | . . . 18 29 30 30 30 24 Device 2 | . . . 3 9 10 3 . 2 Storage 9 | . 14 11 4 7 7 7 7 3 Processor 11 | . 13 11 12 10 7 7 7 7 Hackware 3 | . . . . 7 16 23 23 23 Protection 5 | . . 11 10 . . 3 7 5 Energy Gun 3 | . 10 . . . . . . . Ballistic Gun 12 | . 17 22 10 . . . . . Slashing Weapon 2 | . . . 2 6 7 7 7 10 Naked Turns . | . . . . . . . . . Heaviest Build 97 | 8 89 97 95 20 20 20 20 20 Greatest Support 40 | 40 40 40 20 20 20 20 20 20 Greatest Overweight (x) 9 | . 8 9 9 1 . . . . Average Overweight (x) . | . 2 6 1 . . . . . Largest Inventory Capacity 25 | 5 25 25 25 10 10 10 10 10 Average Capacity 16 | 5 16 25 14 10 10 10 10 7 Most Carried 17 | 4 7 17 14 10 10 10 8 8 Average Carried 7 | 2 4 11 8 9 9 8 8 6 Final Capacity 25 | 5 25 25 10 10 10 10 10 5 Final Carried 15 | 4 4 15 7 10 10 8 8 4 Class Distribution -------------------- 58% | Mutant 17% | Hacker-Sprinter 12% | Sprinter 11% | Scavenger-Mutant Dominant Class ---------------- Mutant | -10/Materials Mutant | -9/Materials Sprinter | -8/Materials Hacker-Sprinter | -7/Factory Hacker-Sprinter | -7/Lower Caves Hacker-Sprinter | -7/Lower Caves Hacker-Sprinter | -7/Zion Hacker-Sprinter | -6/Proximity Caves Resources | -11 -10 -9 -8 -7 -7 -7 -7 -6 ----------- Run | Yrd Mat Mat Mat Fac Low Low Zio Pro Matter Collected 1751 | 229 365 364 528 185 25 50 . 5 Remotely . | . . . . . . . . . Salvage Created 3127 | . 706 807 1075 248 88 148 . 55 Parts 183 | . 34 49 54 20 13 10 . 3 Haulers Intercepted 7 | . 2 1 4 . . . . . Recyclers Shooed 1 | . . 1 . . . . . . Parts Field Recycled . | . . . . . . . . . Retrieved Matter . | . . . . . . . . . Parts Self-Destructed 20 | . . . . . 9 9 . 2 Prevented . | . . . . . . . . . Kills | -11 -10 -9 -8 -7 -7 -7 -7 -6 ------- Run | Yrd Mat Mat Mat Fac Low Low Zio Pro Combat Hostiles Destroyed 70 | . 16 15 22 6 4 5 . 2 Melee 21 | . . . 4 6 4 5 . 2 Guns 39 | . 15 15 9 . . . . . AOE 7 | . 1 . 6 . . . . . Classes Destroyed 14 | . 3 6 2 2 1 . . . Worker 2 | . . . 2 . . . . . Tunneler 1 | . . 1 . . . . . . Hauler 7 | . 2 1 4 . . . . . Recycler 1 | . . 1 . . . . . . Operator 1 | . . 1 . . . . . . Watcher 6 | . . 2 4 . . . . . Swarmer 19 | . 3 3 4 . 3 4 . 2 Cutter 3 | . . . . 3 . . . . Grunt 34 | . 13 8 13 . . . . . Brawler 1 | . . 1 . . . . . . Sentry 8 | . . 3 3 2 . . . . Hunter 2 | . . . 2 . . . . . Programmer 2 | . . . . 1 . 1 . . Thief 1 | . . . . . 1 . . . Best Kill Streak 8 | . 3 4 8 3 4 4 . 2 Combat Bots Only 6 | . 3 4 6 3 4 4 . 2 Max Kills in Single Turn 2 | . 1 1 2 1 1 1 . 1 Gunslinging . | . . . . . . . . . Exploded 2 | . 1 . 2 . . . . . Melee 1 | . . . 1 1 1 1 . 1 Uniques/NPCs Destroyed . | . . . . . . . . . Combat | -11 -10 -9 -8 -7 -7 -7 -7 -6 -------- Run | Yrd Mat Mat Mat Fac Low Low Zio Pro Hostile Shots Fired 604 | . 78 81 215 83 24 43 . 80 Missed 216 | . 19 18 77 47 10 13 . 32 Damage Taken 5497 | . 711 744 2243 378 206 468 . 747 Core 1401 | . 155 126 413 108 95 186 . 318 Absorbed by Shields . | . . . . . . . . . Core Remaining (%) 57 | 100 38 68 24 . . . . . Volleys Fired 190 | . 70 58 57 5 . . . . Largest 2 | . 2 2 2 1 . . . . Hottest 60 | . 60 40 56 50 . . . . Shots Fired 365 | . 136 116 108 5 . . . . Gun 353 | . 135 116 97 5 . . . . Cannon . | . . . . . . . . . Launcher 12 | . 1 . 11 . . . . . Special . | . . . . . . . . . Kinetic 290 | . 77 116 97 . . . . . Thermal 55 | . 55 . . . . . . . Explosive 12 | . 1 . 11 . . . . . Electromagnetic 8 | . 3 . . 5 . . . . Robot Hit Streak 17 | . 17 13 10 3 . . . . Robot Miss Streak 8 | . 8 3 6 1 . . . . Penetration Max . | . . . . . . . . . Secondary Targets 5 | . 2 2 1 . . . . . Max Gunslinging Chain 1 | . 1 1 1 . . . . . Shots Hit Robots 322 | . 85 82 108 21 8 12 . 6 Core Hits 147 | . 36 36 55 9 4 5 . 2 Critical Kills 4 | . . . 4 . . . . . Critical Parts Destroyed 5 | . . . 5 . . . . . Critical Strikes 17 | . . . 14 3 . . . . Destroy 3 | . . . 3 . . . . . Smash 6 | . . . 6 . . . . . Sever 8 | . . . 5 3 . . . . Melee Attacks 123 | . . . 55 28 11 18 . 11 Impact 32 | . . . 32 . . . . . Slashing 91 | . . . 23 28 11 18 . 11 Piercing . | . . . . . . . . . Sneak Attacks 6 | . . . 4 2 . . . . Combat Hostiles 2 | . . . . 2 . . . . Follow-up Attacks 3 | . . . . . . . . 3 Damage Inflicted 6721 | . 1131 940 3077 697 285 395 . 196 Guns 2579 | . 1054 940 575 10 . . . . Cannons . | . . . . . . . . . Explosions 954 | . 55 . 899 . . . . . Melee 3166 | . . . 1603 687 285 395 . 196 Ramming 22 | . 22 . . . . . . . Kinetic 2080 | . 565 940 575 . . . . . Thermal 708 | . 464 . 244 . . . . . Explosive 710 | . 55 . 655 . . . . . Electromagnetic 35 | . 25 . . 10 . . . . Impact 873 | . . . 873 . . . . . Slashing 2293 | . . . 730 687 285 395 . 196 Piercing . | . . . . . . . . . Highest Corruption 3 | . 3 . 1 1 1 1 1 1 Average Corruption 1 | . 2 . 1 1 1 1 1 1 Corruption Purged . | . . . . . . . . . Corruption Blocked . | . . . . . . . . . Effects 11 | . 6 . 1 1 . . . 3 Message Errors 4 | . 1 . . . . . . 3 Matter Fused 4 | . 4 . . . . . . . Heat Flow Errors 1 | . . . 1 . . . . . Energy Discharges 1 | . . . . 1 . . . . Alerts 1 | . 1 . . . . . . . Overload Shots . | . . . . . . . . . Overflow Damage 454 | . . . 374 27 7 33 . 13 Projectiles . | . . . . . . . . . Explosions 68 | . . . 68 . . . . . Melee 386 | . . . 306 27 7 33 . 13 Knockbacks 1 | . . . 1 . . . . . Impact 1 | . . . 1 . . . . . Kinetic . | . . . . . . . . . Secondary . | . . . . . . . . . Self-Inflicted Damage 138 | . 11 . 127 . . . . . Shots 2 | . . . 2 . . . . . Rammed 1 | . 1 . . . . . . . Targets Rammed 1 | . 1 . . . . . . . Kicked . | . . . . . . . . . Crushed . | . . . . . . . . . Highest Temperature 243 | . 105 27 243 10 . . . 7 Average Temperature 24 | . 25 8 39 5 . . . 7 Received Heat Transfer 1521 | . 354 312 783 36 . . . 36 Siege Activations . | . . . . . . . . . Robots Corrupted . | . . . . . . . . . Combat Hostiles . | . . . . . . . . . Parts Fried 5 | . . . 5 . . . . . Impact Corruptions 14 | . 1 . 13 . . . . . Robots Melted . | . . . . . . . . . Combat Hostiles . | . . . . . . . . . Parts Melted 3 | . 3 . . . . . . . Heat Transferred 1200 | . 1050 . 150 . . . . . Parts Sabotaged . | . . . . . . . . . Parts Stolen 1 | . . . . . 1 . . . Parts Stripped . | . . . . . . . . . Power Chain Reactions . | . . . . . . . . . Alert | -11 -10 -9 -8 -7 -7 -7 -7 -6 ------- Run | Yrd Mat Mat Mat Fac Low Low Zio Pro Peak Influence 913 | . 268 331 913 723 . . . . Initial 415 | . . 63 78 415 . . . . Average 250 | . 109 188 420 540 . . . . Maximum Alert Level 3 | . 1 1 3 3 . . . . Low Security (%) 56 | 100 91 56 26 . . . . . Level 1 19 | . 8 43 20 . . . . . Level 2 20 | . . . 42 97 . . . . Level 3 3 | . . . 11 2 . . . . Level 4 . | . . . . . . . . . Level 5 . | . . . . . . . . . High Security . | . . . . . . . . . Max Security . | . . . . . . . . . Squads Dispatched 20 | . 6 3 6 4 . 1 . . Investigation 13 | . 3 2 5 3 . . . . Extermination . | . . . . . . . . . Reinforcement 6 | . 3 1 1 1 . . . . Assault 1 | . . . . . . 1 . . Garrison . | . . . . . . . . . Intercept . | . . . . . . . . . Searches Triggered . | . . . . . . . . . Construction Impeded . | . . . . . . . . . Haulers Reinforced . | . . . . . . . . . Active Scanning Responses . | . . . . . . . . . Cargo Convoy Interrupts . | . . . . . . . . . Stealth | -11 -10 -9 -8 -7 -7 -7 -7 -6 --------- Run | Yrd Mat Mat Mat Fac Low Low Zio Pro Distress Signals 6 | . 3 3 . . . . . . Communications Jammed . | . . . . . . . . . Distress Signals . | . . . . . . . . . Times Spotted 146 | . 30 28 42 13 5 7 . 21 Peak Tracking Total 19 | . 4 5 10 4 4 8 . 19 Tactical Retreats 10 | . 1 2 2 1 1 1 . 2 Traps | -11 -10 -9 -8 -7 -7 -7 -7 -6 ------- Run | Yrd Mat Mat Mat Fac Low Low Zio Pro Traps Triggered 3 | . 3 . . . . . . . Indirectly . | . . . . . . . . . Trap Hack Attempts . | . . . . . . . . . Triggered . | . . . . . . . . . Disarmed . | . . . . . . . . . Reprogrammed . | . . . . . . . . . Reused . | . . . . . . . . . Traps Extracted . | . . . . . . . . . Installed . | . . . . . . . . . Triggered . | . . . . . . . . . Machines | -11 -10 -9 -8 -7 -7 -7 -7 -6 ---------- Run | Yrd Mat Mat Mat Fac Low Low Zio Pro Machines Disabled 4 | . . . 4 . . . . . Max in Single Turn 3 | . . . 3 . . . . . Machines Repaired . | . . . . . . . . . Machines Dismantled . | . . . . . . . . . Machines Sabotaged . | . . . . . . . . . Overloaded Fab Kills . | . . . . . . . . . Hacking | -11 -10 -9 -8 -7 -7 -7 -7 -6 --------- Run | Yrd Mat Mat Mat Fac Low Low Zio Pro Machines Accessed 18 | . 4 3 7 4 . . . . Terminals 16 | . 4 3 6 3 . . . . Fabricators . | . . . . . . . . . Repair Stations . | . . . . . . . . . Recycling Units . | . . . . . . . . . Scanalyzers 2 | . . . 1 1 . . . . Garrison Access . | . . . . . . . . . Total Hacks 61 | . 13 12 26 10 . . . . Successful 22 | . 2 5 12 3 . . . . Failed 39 | . 11 7 14 7 . . . . Catastrophic 9 | . 5 . 4 . . . . . Database Lockouts . | . . . . . . . . . Manual 42 | . 7 12 16 7 . . . . Terminals 55 | . 13 12 23 7 . . . . Fabricators . | . . . . . . . . . Repair Stations . | . . . . . . . . . Recycling Units . | . . . . . . . . . Scanalyzers 6 | . . . 3 3 . . . . Garrison Access . | . . . . . . . . . Terminal Hacks 10 | . 2 2 6 . . . . . Prototype ID Bank 4 | . 2 . 2 . . . . . Terminal Index 1 | . . . 1 . . . . . Transport Status 1 | . . 1 . . . . . . Hauler Manifests 1 | . . . 1 . . . . . Registered Components 2 | . . 1 1 . . . . . Registered Prototypes 1 | . . . 1 . . . . . Fabricator Hacks . | . . . . . . . . . Repair Station Hacks . | . . . . . . . . . Recycling Unit Hacks . | . . . . . . . . . Scanalyzer 3 | . . . 2 1 . . . . Insert Component 2 | . . . 1 1 . . . . Analyze 1 | . . . 1 . . . . . Garrison Access Hacks . | . . . . . . . . . Unauthorized Hacks 9 | . . 3 4 2 . . . . Terminals 9 | . . 3 4 2 . . . . Assimilate 2 | . . . . 2 . . . . Botnet 7 | . . 3 4 . . . . . Fabricators . | . . . . . . . . . Repair Stations . | . . . . . . . . . Recycling Units . | . . . . . . . . . Scanalyzers . | . . . . . . . . . Garrison Access . | . . . . . . . . . Data Cores Recovered . | . . . . . . . . . Used . | . . . . . . . . . Hacking Detections 17 | . 4 3 6 4 . . . . Full Trace Events 15 | . 4 3 5 3 . . . . Feedback Events 1 | . . . 1 . . . . . Corruption 1 | . . . 1 . . . . . Feedback Blocked . | . . . . . . . . . Robot Schematics Acquired . | . . . . . . . . . Robots Built . | . . . . . . . . . Authchips . | . . . . . . . . . Time . | . . . . . . . . . Total Robot Build Rating . | . . . . . . . . . Part Schematics Acquired 1 | . . . 1 . . . . . Parts Built . | . . . . . . . . . Authchips . | . . . . . . . . . Time . | . . . . . . . . . Total Part Build Rating . | . . . . . . . . . Parts Repaired . | . . . . . . . . . Time . | . . . . . . . . . Parts Recycled . | . . . . . . . . . Recycled Matter . | . . . . . . . . . Retrieved Matter . | . . . . . . . . . Retrieved Components . | . . . . . . . . . Parts Scanalyzed 2 | . . . 1 1 . . . . Part Schematics Acquired 1 | . . . 1 . . . . . Parts Damaged . | . . . . . . . . . Bothacking | -11 -10 -9 -8 -7 -7 -7 -7 -6 ------------ Run | Yrd Mat Mat Mat Fac Low Low Zio Pro Used RIF Installer . | . . . . . . . . . Robots Hacked . | . . . . . . . . . Non-combat . | . . . . . . . . . Combat . | . . . . . . . . . Robot Hacks Applied . | . . . . . . . . . Relay Couplers Released . | . . . . . . . . . Fabnet Peak Effective % . | . . . . . . . . . Robots Rewired . | . . . . . . . . . Allies Hacked . | . . . . . . . . . Hacks Repelled . | . . . . . . . . . Allies | -11 -10 -9 -8 -7 -7 -7 -7 -6 -------- Run | Yrd Mat Mat Mat Fac Low Low Zio Pro Total Allies 2 | . . . . 2 . . . . Largest Group 2 | . . . . 2 . . . . Highest-Rated Group 52 | . . . . 52 . . . . Highest-Rated Ally 26 | . . . . 26 . . . . Total Orders . | . . . . . . . . . Ally Attacks . | . . . . . . . . . Total Damage . | . . . . . . . . . Kills . | . . . . . . . . . Allies Corrupted . | . . . . . . . . . Allies Melted . | . . . . . . . . . Intel | -11 -10 -9 -8 -7 -7 -7 -7 -6 ------- Run | Yrd Mat Mat Mat Fac Low Low Zio Pro Robot Analysis Total . | . . . . . . . . . Derelict Logs Recovered 3 | . . . . . . 1 1 1 Drone Launches . | . . . . . . . . . Drone Recoveries . | . . . . . . . . . Exploration | -11 -10 -9 -8 -7 -7 -7 -7 -6 ------------- Run | Yrd Mat Mat Mat Fac Low Low Zio Pro Turns Passed 3758 | 80 1173 869 792 356 114 176 14 184 Spaces Moved 3794 | 45 511 238 836 851 307 387 54 565 Core 9 | 2 . . . . . . . 7 Treads 485 | 43 354 88 . . . . . . Legs . | . . . . . . . . . Wheels 400 | . 157 150 93 . . . . . Hover . | . . . . . . . . . Flight 2900 | . . . 743 851 307 387 54 558 Fastest Speed 26 | 50 160 215 28 27 26 26 26 26 Average Speed 70 | 155 185 267 50 27 26 26 26 27 Slowest Speed 480 | 160 320 480 215 104 27 26 26 50 Overloaded Moves . | . . . . . . . . . Propulsion Burnouts . | . . . . . . . . . Robots Hopped 17 | . . . 6 10 1 . . . Cave-ins Triggered . | . . . . . . . . . Exploration Rate (%) 43 | 4 88 27 71 19 51 57 10 65 Regions Visited 8 Branch Regions 4 Pre-discovered Areas . | . . . . . . . . . Known Exits Taken . | . . . . . . . . . Unknown Exits Taken 8 | 1 1 1 1 1 1 1 1 . Scrap Searched 9 | . . . . . 7 1 1 . Spaces Dug 3 | . . . . 3 . . . . Terrain Destroyed 111 | . 6 . 102 3 . . . . Melee 3 | . . . . 3 . . . . Projectile . | . . . . . . . . . AOE 108 | . 6 . 102 . . . . . Terrain Rammed . | . . . . . . . . . Walls Destroyed . | . . . . . . . . . Machines Disabled . | . . . . . . . . . Actions | -11 -10 -9 -8 -7 -7 -7 -7 -6 --------- Run | Yrd Mat Mat Mat Fac Low Low Zio Pro Total 4350 | 53 597 361 1011 926 326 437 53 586 Wait 95 | . . 36 6 18 4 29 . 2 Move 3752 | 44 510 237 823 830 304 386 53 565 Hop 17 | . . . 6 10 1 . . . Pick Up 36 | 4 3 17 10 2 . . . . Fast Attach 39 | 5 3 3 7 16 2 1 . 2 Attach 36 | . 3 4 21 3 1 2 . 2 Detach 17 | . . . 8 7 . . . 2 Swap 12 | . 3 1 5 . 2 1 . . Drop 35 | . 4 5 13 7 1 . . 5 Fire 190 | . 70 58 57 5 . . . . Melee 120 | . . . 55 28 11 18 . 8 Ram 1 | . 1 . . . . . . . Kick . | . . . . . . . . . Crush . | . . . . . . . . . Escape Stasis . | . . . . . . . . . Rewire . | . . . . . . . . . Trap . | . . . . . . . . . Miscellaneous . | . . . . . . . . . Route ------- -11/Scrapyard -10/Materials (discovered 2 exits: *Mat / [*Min]) -9/Materials -8/Materials -7/Factory -7/Lower Caves -7/Lower Caves -7/Zion -6/Proximity Caves History --------- Turn | Location | Event 15 | -11/Scrapyard | Discovered new exit (range 16) 81 | -11/Scrapyard | Entered Materials 313 | -10/Materials | Build established: Mutant 373 | -10/Materials | Discovered new exit (range 6) 460 | -10/Materials | Discovered new exit (range 12) 902 | -10/Materials | Core integrity fell below 50% 946 | -10/Materials | Lost 3 parts (2n1w) 1254 | -10/Materials | Entered another Materials area 1254 | -9/Materials | Evolved 2 slots: Utility x2 2069 | -9/Materials | Discovered new exit (range 16) 2123 | -9/Materials | Entered another Materials area 2123 | -8/Materials | Evolved 2 slots: Propulsion x2 2382 | -8/Materials | Lost 4 parts (2n2w) 2386 | -8/Materials | Build established: Scavenger-Mutant 2511 | -8/Materials | Lost 9 parts (1p3n3u2w) 2570 | -8/Materials | Core integrity fell below 50% 2881 | -8/Materials | Build established: Sprinter 2896 | -8/Materials | Discovered new exit (range 20) 2915 | -8/Materials | Entered Factory 2915 | -7/Factory | Evolved 2 slots: Utility x2 3261 | -7/Factory | Discovered new exit (range 18) 3271 | -7/Factory | Entered Lower Caves 3290 | -7/Lower Caves | Encountered a Warlord checkpoint 3385 | -7/Lower Caves | Discovered new exit (range 3) 3385 | -7/Lower Caves | Entered another Lower Caves area 3386 | -7/Lower Caves | Build established: Hacker-Sprinter 3482 | -7/Lower Caves | Core integrity fell below 50% 3507 | -7/Lower Caves | Learned Factory terminal intel 3510 | -7/Lower Caves | Lost 3 parts (1p2n) 3549 | -7/Lower Caves | Attracted the attention of an 0b10 outpost 3558 | -7/Lower Caves | Encountered a Warlord checkpoint 3559 | -7/Lower Caves | Discovered new exit (range 9) 3561 | -7/Lower Caves | Entered Zion 3573 | -7/Zion | Discovered new exit (range 9) 3575 | -7/Zion | Entered Proximity Caves 3593 | -6/Proximity Caves | Learned 4 Factory zone layouts 3701 | -6/Proximity Caves | Attracted the attention of an 0b10 checkpoint 3705 | -6/Proximity Caves | Spotted B-75 Beast 3747 | -6/Proximity Caves | Core integrity fell below 20% 3759 | -6/Proximity Caves | Destroyed by S-27 Virus with Autogun Last Messages --------------- 03700_ G-50 Soldier springs to life. 03701_ Y-54 Guardian: "INTERCEPTING UNREGISTERED DERELICT." 03727_ Katana follow-up attack on S-27 Virus. 03727_ Destroyed VTOL Module. 03728_ Imp. VTOL Module destroyed. 03729_ Imp. Light Armor Plating destroyed. 03730_ Lgt. Nuclear Core destroyed. 03731_ S-27 Virus destroyed. 03731_ Katana follow-up attack on S-27 Virus. 03733_ S-27 Virus destroyed. 03735_ Cld. VTOL Module destroyed. 03735_ Dropped Microactuators. 03737_ Acquired VTOL Module. 03738_ Autogun fries itself beyond repair. 03738_ Imp. VTOL Module destroyed. 03738_ Acquired 5 matter. 03745_ VTOL Module destroyed. 03752_ Katana destroyed. 03758_ Destroyed Lgt. Nuclear Core. 03758_ Mak. Hacking Suite destroyed. Map ----- +----------------------------------------------------+ | #?## ##### ##????????# ##### | | ? #??# ###???# ########## ###### | | ??# #??# #????## ##???## | | ?## #### ###### #???## ## | | ?# ### ### ### ##?### #? | | ?### # ## #?## #?###?## ##? | | ??## # # #### #####??# #?????# ###### | | ??# #### ###???##?## #####?# | | ?## ## ## #?# ##??### #?# ### | | ## # # #?# ##?# ## ### ##### | | # # # #?# #?# #?## ##### | | ###//### #?# % #?# ##### ### # | | / / #?# ### ### | | # # # #?# ### ###?# "" | | ## #""""""# ### ### ###???# """"" | | ## ######## ## #?# %#####?# """" | | ## #### *! #?# " | | #### #?# % #?# "" "" | | # ## ##??# #### #?### ### " """ | | # ## #???# ###" # ##???#### ### " " "" ## | | # ## #??## ####???????## ### #? | | ## #### #???????????## #? | | %##????#######?## ###### | | % #????## #### #???# | | #### #???## ## ###### | | ##??# #??## @ s g ## ###?# | | ##???## #### s## #?# ##???# | | ###?????## ## ######### #??##????# ## | | ?????????########## ###????????# #????????#??? | | ??????????????????## ##???????????###???????????# | | ???????????????????####??????????????????????????# | | ?????????????????????????????????????????????????? | | ?????????????????????????????????????????????????? | | ?????????????????????????????????????????????????? | | ?????????????????????????????????????????????????? | | ?????????????????????????????????????????????????? | | ?????????????????????????????????????????????????? | | ?????????????????????????????????????????????????? | | ?????????????????????????????????????????????????? | | ?????????????????????????????????????????????????? | | ?????????????????????????????????????????????????? | | ?????????????????????????????????????????????????? | | ?????????????????????????????????????????????????? | | ?????????????????????????????????????????????????? | | ?????????????????????????????????????????????????? | | ?????????????????????????????????????????????????? | | | | | | | | | +----------------------------------------------------+ Best States ------------- Heat Dissipation 45 Energy Generation 14 Energy Capacity 280 Matter Stores 300 Matter Capacity 300 Sight Range 20 Robot Scan Range 15 Terrain Scan Density 10 ECM Strength 2 Armor Coverage 300 Melee Speed Boost 20 Evasion (%) 72 Targeting Accuracy 5 Target Analysis 5 Recoil Reduction 2 Offensive Hacking 21 Defensive Hacking 10 Item Schematics ----------------- Imp. VTOL Module | -8/Materials | Scanalyzed Robot Schematics ------------------ None Fabricated ------------ Nothing Alien Tech Used ----------------- None Achievements -------------- None Challenges ------------ None Game ------ Seed SurveybotPointPit Manual? 0 Play Time 00:48:06 Cumulative 26.3 hours Start 2024.04.17 @ 17:27:26 End 2024.04.17 @ 18:14:55 Sessions 1 Manual Loads 0 Difficulty Rogue Special Mode None Game No. 40 Rogue 40 Adventurer 0 Explorer 0 Win Type - Total 1 Types 1/0/0/0/0/0/0/0/0 Lore% 17 Gallery% 38 Achievement% 31 Wizard Run 0 Options --------- Layout 0 ASCII 0 Keyboard 0 Movement Numpad Keybinds 0 Fullscreen 2 Font 18/SmallcapsGlow Map View 76x50 Zoom Use 0% Tactical HUD 1 Map Filters NONE Filters NONE Steam 1 RUN: 5ce5e89c-af34-4a45-a0f3-14112be6363b